 Dungeon Crawl Stone Soup version 0.30.1-11-g7821555f0a (webtiles) character file.

Game seed: 16701573113626176301

12222 lonewolfV2 the Blocker (level 11, -13/99 HPs)
             Began as a Minotaur Fighter on Nov 15, 2023.
             Was a High Priest of Qazlal.
             Mangled by a very large slime creature (43 damage)
             ... on level 12 of the Dungeon.
             The game lasted 00:14:37 (9078 turns).

lonewolfV2 the Blocker (Minotaur Fighter)           Turns: 9078, Time: 00:14:37

Health: -13/99     AC: 31    Str: 23    XL:     11   Next: 59%
Magic:  17/17      EV:  8    Int:  5    God:    Qazlal [*****.]
Gold:   508        SH: 13    Dex: 18    Spells: 10/10 levels left

rFire   . . .        G - +1 war axe (flame)
rCold   . . .        c - +0 buckler
rNeg    . . .        d - +18 Lear's hauberk
rPois   +            (helmet currently unavailable)
rElec   .            B - +1 cloak "Naiqesom" {Regen+}
rCorr   .            (gloves currently unavailable)
SInv    .            (boots currently unavailable)
Will    .....        (no amulet) Stlth
                     w - ring of poison resistance
HPRegen 1.16/turn    u - +6 ring of dexterity
MPRegen 0.15/turn

%: repel missiles
@: mighty
A: horns 2, retaliatory headbutt
a: Renounce Religion, Upheaval, Elemental Force, Disaster Area


You were on level 12 of the Dungeon.
You worshipped Qazlal.
Qazlal was extremely pleased with you.
You visited 1 branch of the dungeon, and saw 14 of its levels.

You collected 716 gold pieces.
You spent 208 gold pieces at shops.

Inventory:

Hand Weapons
 a - a +4 war axe
 G - a +1 war axe of flaming (weapon)
Missiles
 k - 6 throwing nets (quivered)
Armour
 c - a +0 buckler (worn)
 d - the +18 Lear's hauberk (worn)
   (You acquired it on level 3 of the Dungeon)
 n - the +6 scale mail "Kuufo" {-Cast rF++ Regen+}
   (You found it on level 10 of the Dungeon)

   rF:        It greatly protects you from fire.
   -Cast:     It prevents spellcasting.
   Regen:     It increases your rate of health regeneration.
 B - the +1 cloak "Naiqesom" (worn) {Regen+}
   (You found it on level 10 of the Dungeon)

   Regen:     It increases your rate of health regeneration.
 E - the +3 hat of Pondering {ponderous, Will+ MP+10 Int+5}
   (You took it off Gastronok on level 11 of the Dungeon)

   Int:       It affects your intelligence (+5).
   MP:        It affects your magic capacity (+10).
   Will:      It increases your willpower.
Jewellery
 b - a +6 ring of intelligence
 u - a +6 ring of dexterity (right hand)
 w - a ring of poison resistance (left hand)
Wands
 m - a wand of iceblast (1)
 q - a wand of mindburst (6)
 A - a wand of flame (26)
 C - a wand of paralysis (6)
Scrolls
 p - 4 scrolls of teleportation
 v - 2 scrolls of magic mapping
 x - a scroll of silence {unknown}
 y - 3 scrolls of fog
 D - a scroll of identify
 F - a scroll of summoning
Potions
 e - 7 potions of curing
 f - 6 potions of flight
 g - 4 potions of mutation
 h - 3 potions of degeneration
 i - 2 potions of haste
 l - 2 potions of attraction
 o - 2 potions of might
 r - a potion of berserk rage
 s - a potion of lignification
 t - a potion of brilliance
 z - a potion of cancellation {unknown}


   Skills:
 + Level 10.1 Fighting
 + Level 10.1 Axes
 - Level 9.0 Armour
 - Level 11.0 Shields
 - Level 10.0 Invocations


You had 10 spell levels left.
You didn't know any spells.
Your spell library contained the following spells:

 Spells                   Type           Power      Damage    Failure   Level
 Slow                     Hex            0%         N/A       96%         1
 Lesser Beckoning         Tloc           0%         N/A       99%         2
 Confusing Touch          Hex            0%         N/A       100%        3
 Gell's Gravitas          Tloc           0%         N/A       100%        3
 Teleport Other           Tloc           0%         N/A       100%        3
 Vampiric Draining        Necr           0%         2d6       100%        3


Dungeon Overview and Level Annotations

Branches:
Dungeon (14/15)            Temple (0/1) D:7            Lair (0/5) D:10
    Orc: D:9-12      Vaults: D:13-14

Altars:
Ashenzari
Dithmenos
Elyvilon
Fedhas
Kikubaaqudgha
Makhleb
Nemelex Xobeh
Okawaru
Qazlal
Ru
Trog
Wu Jian
Yredelemnul
Zin
The Shining One

Shops:
D:5 :   D:10 ?(


Innate Abilities, Weirdness & Mutations

You have a pair of horns on your head.
You reflexively headbutt those who attack you in melee.


Message History

You block the very large slime creature's attack.
You slash the white ugly thing! You burn the white ugly thing.
The white ugly thing is lightly wounded.
You slash the very large slime creature!
You burn the very large slime creature.
You block the very large slime creature's attack.
The white ugly thing punches you. The white ugly thing freezes you!!
* * * LOW HITPOINT WARNING * * *
You feel much better.
You block the very large slime creature's attack.
The white ugly thing punches you but does no damage.
You feel much better.
You block the very large slime creature's attack.
The white ugly thing closely misses you.
You furiously retaliate!
You headbutt the white ugly thing!
You feel very mighty all of a sudden.
You feel less protected from physical attacks.
The very large slime creature hits you!!
* * * LOW HITPOINT WARNING * * *
The white ugly thing punches you but does no damage.
You hit the white ugly thing but do no damage.
The white ugly thing is moderately wounded.
You slice the very large slime creature!!
You burn the very large slime creature!
You block the very large slime creature's attack.
You block the white ugly thing's attack.
You slash the white ugly thing! You burn the white ugly thing.
The white ugly thing is heavily wounded.
You slash the very large slime creature!
You burn the very large slime creature.
The very large slime creature closely misses you.
You furiously retaliate!
You headbutt the very large slime creature!!
You block the white ugly thing's attack.
You slash the white ugly thing! You burn the white ugly thing!
The white ugly thing is almost dead.
You slash the very large slime creature!
You burn the very large slime creature.
The very large slime creature hits you!!!
You die...

#.# #.# #.# #.# #.# #
#.# #.# .. ... #.# #.
#.# #.# ...##.# #
#.#######.##J##.##
#...........@u..<# ##
#.#######.##.##.##..#
#.# #.##.##.#...# #.#
#.##........# #.#
####.###.......#
#.####...............
#...............#....
#..######.###.#.# ...
#..# #.# ....# .#


You could see a white ugly thing and a very large slime creature.

Vanquished Creatures
  Gastronok (D:11)
  4 two-headed ogres
  Pikel (D:5)
  A cyclops (D:11)
  An elephant (D:10)
  A gargoyle (D:11)
  2 unseen horrors
  A troll (D:10)
  Grinder (D:5)
  A slime creature (D:12)
  Sigmund (D:3)
  7 yaks
  2 shadows (D:11)
  2 wyverns
  5 wraiths
  2 basilisks (D:10)
  Edmund (D:5)
  2 acid dragons
  Duvessa (D:6)
  2 water moccasins
  An orc warrior (D:7)
  3 black bears
  A sky beast (D:8)
  2 ice beasts
  4 centaurs
  4 kobold brigands
  3 bullfrogs
  3 gnoll sergeants
  A scorpion (D:5)
  Dowan (D:6)
  3 killer bees (D:9)
  3 howler monkeys (D:7)
  2 hounds (D:4)
  A gnoll bouda (D:9)
  2 orc priests
  2 jellies
  2 iguanas
  3 sleepcaps
  Ijyb (D:5)
  5 orc wizards
  Robin (D:3)
  21 gnolls
  13 adders
  A white imp (D:6)
  An ufetubus (D:4)
  A worm (D:3)
  A dart slug (D:1)
  22 orcs
  8 bats
  3 endoplasms
  5 giant cockroaches
  18 goblins
  17 hobgoblins
  3 jackals (D:1)
  22 kobolds
  4 quokkas
  10 ball pythons
  4 frilled lizards
  2 rats
243 creatures vanquished.

Vanquished Creatures (others)
  A kobold (D:10)
1 creature vanquished.

Grand Total: 244 creatures vanquished

Notes
Turn   | Place    | Note
-------+----------+-------------------------------------------
     0 | D:1      | lonewolfV2 the Minotaur Fighter began the quest for the
                  | Orb.
     0 | D:1      | Reached XP level 1. HP: 19/19 MP: 0/0
   119 | D:1      | Reached XP level 2. HP: 27/27 MP: 1/1
   593 | D:1      | Found a faded altar of an unknown god.
   650 | D:1      | Reached XP level 3. HP: 34/34 MP: 2/2
   901 | D:1      | Prayed at the altar of an unknown god.
   901 | D:1      | Became a worshipper of Qazlal Stormbringer
   901 | D:1      | Reached * piety under Qazlal
  1542 | D:2      | Reached XP level 4. HP: 41/41 MP: 3/3
  1891 | D:3      | Noticed Sigmund
  1908 | D:3      | Killed Sigmund
  1909 | D:3      | Reached XP level 5. HP: 40/50 MP: 4/4
  2073 | D:3      | Reached ** piety under Qazlal
  2091 | D:3      | Noticed Robin
  2112 | D:3      | Killed Robin
  2147 | D:3      | Reached XP level 6. HP: 57/57 MP: 5/5
  2534 | D:3      | Identified a scroll of acquirement
  2534 | D:3      | Acquired the +18 Lear's hauberk
  2534 | D:3      | Found the +18 Lear's hauberk
  3276 | D:4      | Reached XP level 7. HP: 63/66 MP: 6/6
  3600 | D:4      | Found an iron altar of Okawaru.
  3815 | D:5      | Entered Level 5 of the Dungeon
  3820 | D:5      | Noticed Pikel
  3837 | D:5      | Killed Pikel
  3838 | D:5      | Reached XP level 8. HP: 64/75 MP: 7/7
  3847 | D:5      | Reached *** piety under Qazlal
  4010 | D:5      | Reached skill level 1 in Invocations
  4034 | D:5      | Noticed Grinder
  4050 | D:5      | Killed Grinder
  4051 | D:5      | Reached skill level 4 in Shields
  4154 | D:5      | Found Veli's Book Shop.
  4166 | D:5      | Noticed Ijyb
  4178 | D:5      | Killed Ijyb
  4263 | D:5      | Noticed Edmund
  4271 | D:5      | Killed Edmund
  4272 | D:5      | Reached skill level 5 in Shields
  4769 | D:6      | Found a sacrificial altar of Ru.
  4868 | D:6      | Reached skill level 5 in Invocations
  4884 | D:6      | Reached XP level 9. HP: 70/83 MP: 11/11
  4945 | D:6      | Noticed Dowan
  4950 | D:6      | Noticed Duvessa
  4954 | D:6      | Killed Dowan
  4955 | D:6      | Reached skill level 6 in Shields
  4960 | D:6      | Killed Duvessa
  5147 | D:6      | Found a basalt altar of Yredelemnul.
  5148 | D:6      | Found a broken altar of Ashenzari.
  5149 | D:6      | Found a blossoming altar of Fedhas.
  5195 | D:6      | Found an ornate altar of the Wu Jian Council.
  5389 | D:7      | Found a shadowy altar of Dithmenos.
  5389 | D:7      | Found an ancient bone altar of Kikubaaqudgha.
  5421 | D:7      | Reached skill level 7 in Shields
  5455 | D:7      | Found a bloodstained altar of Trog.
  5506 | D:7      | Reached **** piety under Qazlal
  5584 | D:7      | Found a glowing golden altar of the Shining One.
  5585 | D:7      | Found a glowing silver altar of Zin.
  5589 | D:7      | Found a white marble altar of Elyvilon.
  5611 | D:7      | Found a staircase to the Ecumenical Temple.
  5633 | D:7      | Reached skill level 8 in Shields
  6103 | D:8      | Noticed a two-headed ogre
  6110 | D:8      | Killed a two-headed ogre
  6111 | D:8      | Reached XP level 10. HP: 91/91 MP: 15/15
  6621 | D:9      | Noticed a two-headed ogre
  6626 | D:9      | Killed a two-headed ogre
  6627 | D:9      | Reached skill level 9 in Shields
  6866 | D:9      | Reached skill level 10 in Invocations
  7069 | D:9      | Found a sparkling altar of Nemelex Xobeh.
  7105 | D:9      | Noticed a two-headed ogre
  7109 | D:9      | Killed a two-headed ogre
  7265 | D:9      | Found a burning altar of Makhleb.
  7379 | D:9      | Reached skill level 5 in Axes
  7663 | D:10     | Entered Level 10 of the Dungeon
  7724 | D:10     | Identified the +1 cloak "Naiqesom" {Regen+}
  7781 | D:10     | Reached skill level 10 in Shields
  7855 | D:10     | Noticed an elephant
  7886 | D:10     | Killed an elephant
  7898 | D:10     | Found a staircase to the Lair.
  7946 | D:10     | Reached XP level 11. HP: 92/97 MP: 17/17
  7992 | D:10     | Identified the +6 scale mail "Kuufo" {-Cast rF++ Regen+}
  8006 | D:10     | Found Fageujur's Magic Scroll Shop.
  8024 | D:10     | Noticed a two-headed ogre
  8027 | D:10     | Killed a two-headed ogre
  8060 | D:10     | Reached ***** piety under Qazlal
  8273 | D:10     | Found Nuustem's Antique Weapon Shop.
  8282 | D:10     | Bought a runed war axe for 208 gold pieces
  8557 | D:11     | Reached skill level 11 in Shields
  8929 | D:11     | Noticed Gastronok
  8944 | D:11     | Killed Gastronok
  9009 | D:11     | You fall into a shaft and drop 3 floors!
  9041 | D:12     | Reached skill level 10 in Fighting
  9041 | D:12     | Reached skill level 10 in Axes
  9068 | D:12     | Noticed a white ugly thing
  9078 | D:12     | Mangled by a very large slime creature

Illustrated notes

Levels and vault maps discovered:
D:1:      mrwooster_arrival_statue_2, layout_basic,
          dilly_ecumenical_altar_fadedgnrine, moated_statue
D:2:      layout_basic, kennysheep_generic_room_2
D:3:      layout_basic, uniq_sigmund, uniq_robin
D:4:      layout_cave_pods, okawaru_altar_gauntlet_db, minmay_cupped
D:5:      cheibrodos_iron_armory, layout_basic, serial_glass, glass_columns_c,
          glass_columns_c, nicolae_take_the_stairs,
          chequers_serial_rivers_large_a, minivault_1, uniq_ijyb, uniq_grinder,
          uniq_edmund, uniq_pikel
D:6:      hellmonk_ruined_rings, layout_rooms, pdpol_wu_jian_five_deadly_venoms,
          chequers_temple_overflow_statue_of_worship,
          mainiacjoe_overflow_alcove_1, uniq_duvessa
D:7:      layout_rooms, good_gods_mini_temple, old_standard_altar,
          nicolae_overflow_two_pavilions, minmay_temple_entry_arrows
D:8:      layout_gridville, chequers_serial_rivers_marsh
D:9:      layout_long_grid, mainiacjoe_overflow_boulevard, lemuel_tele_altar,
          hangedman_abyss_or_decor_stabs
D:10:     layout_roguey, david_lair_generic, serial_shops,
          nicolae_lakefront_shop, shop, chequers_serial_rivers_small_3
D:11:     layout_long_grid, uniq_gastronok
D:12:     layout_basic, orc_0_dummy
D:13:     layout_basic, portal_ice_cave_entry_pillars_2
D:14:     kennysheep_big_flooded_room, layout_basic, david_vaults_3,
          nicolae_titane

Skill      XL: |  1  2  3  4  5  6  7  8  9 10 11 |
---------------+----------------------------------+-----
Fighting       | 4 6 7 8 9 10 | 10.1
Armour         | 4 6 7 8 9 |  9.0
Invocations    | 5 8 10 | 10.0
Shields        | 5 8 10 11 | 11.0
Axes           | 7 10 | 10.1

Action                     |  1- 3 |  4- 6 |  7- 9 | 10-12 || total
---------------------------+-------+-------+-------+-------++-------
  Melee: War axe           |    86 |   104 |   207 |   203 ||   600
         Headbutt          |     4 |    11 |    41 |    57 ||   113
  Evoke: Wand              |       |       |     2 |       ||     2
    Use: Scroll            |     3 |     4 |     8 |     9 ||    24
         Potion            |       |     1 |       |     3 ||     4
 Armour: Scale mail        |    47 |    22 |       |       ||    69
         Chain mail        |       |    46 |   186 |   220 ||   452
  Dodge: Dodged            |    44 |    59 |    87 |    87 ||   277
         Repelled          |       |       |       |     2 ||     2
  Block: Buckler           |    27 |    43 |   141 |   179 ||   390
